 Dungeon Crawl Stone Soup version 0.28-a0-1074-g3cb2360906 (webtiles) character file.

Game seed: 6394913594808509733

51 Peloso the Covered (level 3, -2/33 HPs)
             Began as a Minotaur Fighter on Dec 9, 2021.
             Slain by a gnoll (4 damage)
             ... on level 2 of the Dungeon.
             The game lasted 00:00:58 (1007 turns).

Peloso the Covered (Minotaur Fighter)               Turns: 1007, Time: 00:00:59

Health: -2/33      AC:  7    Str: 20    XL:     3   Next: 57%
Magic:  2/2        EV:  9    Int:  5    God:
Gold:   42         SH:  4    Dex: 11    Spells: 2/2 levels left

rFire   . . .      SeeInvis .   a - +0 long sword
rCold   . . .      Faith    .   c - +0 buckler
rNeg    . . .      Spirit   .   b - +0 scale mail
rPois   .          Reflect  .   (helmet restricted)
rElec   .          Harm     .   (no cloak)
rCorr   .          Rampage  .   (no gloves)
Will    .....                   (no boots)
Stlth   ..........              (no amulet)
HPRegen 0.11/turn               (no ring)
MPRegen 0.08/turn               (no ring)

@: no status effects
A: horns 2, retaliatory headbutt
a: no special abilities


You were on level 2 of the Dungeon.
You visited 1 branch of the dungeon, and saw 2 of its levels.

You collected 42 gold pieces.

Inventory:

Hand Weapons
 a - a +0 long sword (weapon)
Armour
 b - a +0 scale mail (worn)
 c - a +0 buckler (worn)
Scrolls
 g - a scroll of immolation {unknown}
 h - a scroll of teleportation {unknown}
Potions
 d - a potion of might
 e - 2 potions of curing {unknown}
 f - a potion of mutation {unknown}


   Skills:
 + Level 4.0 Fighting
 + Level 3.2 Long Blades
 + Level 4.3 Armour
 + Level 0.1 Dodging
 + Level 4.2 Shields


You had 2 spell levels left.
You didn't know any spells.
Your spell library contained the following spells:

 Spells                   Type           Power      Damage    Failure   Level
 Ensorcelled Hibernation  Hex/Ice        0%         N/A       91%         2
 Tukima's Dance           Hex            0%         N/A       99%         3


Dungeon Overview and Level Annotations

Branches:
Dungeon (2/15)

Altars:


Innate Abilities, Weirdness & Mutations

You have a pair of horns on your head.
You reflexively headbutt those who attack you in melee.


Message History

You barely miss the goblin.
The goblin is severely wounded.
The goblin hits you with a +0 club.
You hit the goblin.
You kill the goblin!
Your Long Blades skill increases to level 3!
You slash the gnoll! Your headbutt misses the gnoll.
The gnoll is heavily wounded.
The gnoll hits you with a +0 club.
You barely miss the gnoll.
The gnoll is heavily wounded.
The gnoll hits you with a +0 club.
You hit the gnoll.
The gnoll is severely wounded.
The gnoll barely misses you. You block the gnoll's attack.
You hit the gnoll.
The gnoll is severely wounded.
The gnoll closely misses you.
You completely miss the gnoll. You headbutt the gnoll.
You kill the gnoll!
You closely miss the gnoll. The gnoll hits you but does no damage.
The gnoll closely misses you.
You closely miss the gnoll. The gnoll hits you with a +0 club.
The gnoll hits you from afar with a +0 halberd!
The gnoll barely misses you.
The gnoll hits you from afar with a +0 halberd.
You slash the gnoll!
The gnoll is severely wounded.
The gnoll hits you with a +0 club. You block the gnoll's attack.
You slash the gnoll!
You kill the gnoll!
The gnoll hits you from afar with a +0 halberd!
* * * LOW HITPOINT WARNING * * *
Your Fighting skill increases to level 4!
The gnoll barely misses you.
Items here: ))) ††.
You closely miss the gnoll. You block the gnoll's attack.
You hit the gnoll but do no damage. Your headbutt misses the gnoll.
The gnoll hits you with a +0 halberd.
You die...

..w[....(.###
...##....(..
.g.........# #
...........#.#
..g..........
..........#######
#.ww........#
###g##.####.#
#@##.##...#
#.##.####.#
#....# #.#
####### #.#
...######.#
#.##.....#
#....##### #<#..#
#....#


You could see a worm, a gnoll and a dart slug.

Vanquished Creatures
  2 gnolls (D:2)
  An adder (D:2)
  A dart slug (D:1)
  An endoplasm (D:1)
  4 goblins
  A hobgoblin (D:1)
  2 jackals (D:1)
  2 quokkas (D:1)
  2 ball pythons (D:1)
  2 bats (D:1)
  2 frilled lizards (D:1)
20 creatures vanquished.

Notes
Turn   | Place    | Note
-------+----------+-------------------------------------------
     0 | D:1      | Peloso the Minotaur Fighter began the quest for the Orb.
     0 | D:1      | Reached XP level 1. HP: 19/19 MP: 0/0
   432 | D:1      | Reached XP level 2. HP: 24/27 MP: 1/1
   990 | D:2      | Reached XP level 3. HP: 33/33 MP: 2/2
  1007 | D:2      | Slain by a gnoll

Illustrated notes

Levels and vault maps discovered:
D:1:      amcnicky_arrival_choice, layout_loops_corners, hangedman_glass_teeth
D:2:      wander_river, layout_basic, minmay_misc_feat_enclosed,
          minmay_tetromino_l4

Skill      XL: |  1  2  3 |
---------------+----------+-----
Shields        | 4 |  4.2
Armour         | 4 |  4.3
Long Blades    | 3 |  3.2
Fighting       | 4 |  4.0
Dodging        | |  0.1

Action                   || total
-------------------------++-------
Melee: Long sword        ||    54
       Headbutt          ||     6
Armor: Scale mail        ||    23
Dodge: Dodged            ||    27
Block: Buckler           ||    13

Table legend: (Time is in decaauts)
 A = Elapsed time spent in this place.
 B = Non-inter-level travel time spent in this place.
 C = Inter-level travel time spent in this place.
 D = Time resting spent in this place.
 E = Time spent auto-exploring this place.
 F = Levels seen in this place.
 G = Mean time per level.
                   A        B        C        D        E       F      G
               +--------+--------+--------+--------+--------+-----+--------+
         Total |   1021 |   1010 |     11 |      0 |    854 |   2 |  510.5 |
       Dungeon |   1021 |   1010 |     11 |      0 |    854 |   2 |  510.5 |
               +--------+--------+--------+--------+--------+-----+--------+

Top non-repeatable levels by time:
     D:1: 969 daAuts
     D:2: 51 daAuts
